Map: Celestial Enclave LE

Players

sdv - Winner!

  • Race: Terran Terran
  • League: Silver
  • Spawn Location: 7:00

SCIInewby

  • Race: Protoss Protoss
  • League: Master
  • Spawn Location: 1:00

VOD

Have the link to the VOD?

Description

Time

  • Played on: Feb. 6, 2026, 4:40 p.m.
  • Length: 25:27
Show
View Real Time Build Order
Export as new Build Order

sdv Terran - Winner!

Build Orders:  

Get SALT Encoding   

  12  0:02  SCV  
  14  0:14  SCV  
  14  0:18  Supply Depot  
  14  0:26  SCV  
  15  0:40  SCV  
  16  0:44  Barracks  
  16  0:52  SCV  
  16  0:55  Supply Depot  
  17  1:06  SCV  
  18  1:16  Refinery  
  18  1:18  SCV  
  19  1:30  SCV  
  20  1:40  Command Center  
  20  1:49  Bunker  
  20  1:50  Marine  
  20  1:54  SCV  
  22  2:00  Refinery  
  22  2:05  Refinery  
  22  2:06  SCV  
  23  2:18  SCV, Engineering Bay  
  24  2:30  SCV  
  24  2:35  Marine  
  26  2:52  Marine  
  26  2:56  Orbital Command, Factory  
  27  3:08  Refinery  
  27  3:12  Refinery  
  27  3:15  Marine  
  28  3:20  Planetary Fortress  
  28  3:24  SCV  
  29  3:37  SCV  
  29  3:40  Factory Tech Lab  
  30  3:41  Supply Depot  
  30  3:43  Supply Depot  
  30  3:46  Armory  
  30  3:49  SCV  
  31  4:01  SCV x2  
  33  4:13  Barracks Tech Lab, SCV x2  
  33  4:16  Hi-Sec Auto Tracking  
  35  4:25  SCV x2  
  35  4:26  Missile Turret  
  35  4:29  Missile Turret  
  37  4:35  Missile Turret  
  37  4:37  SCV  
  37  4:38  SCV  
  39  4:44  Missile Turret  
  39  4:46  Missile Turret  
  39  4:50  Missile Turret  
  39  4:54  SCV  
  40  5:00  SCV  
  40  5:06  Missile Turret, SCV  
  42  5:12  Terran Vehicle Weapons Level 1, SCV  
  43  5:17  Thor  
  43  5:19  SCV  
  50  5:25  SCV  
  50  5:28  Neosteel Armor  
  51  5:31  SCV  
  52  5:37  SCV  
  53  5:43  SCV  
  53  5:49  SCV  
  55  5:53  Armory  
  55  5:55  SCV  
  56  6:00  Thor  
  62  6:12  Missile Turret  
  62  6:26  Supply Depot  
  62  6:27  Supply Depot  
  62  6:29  Supply Depot  
  62  6:33  Missile Turret  
  62  6:35  Command Center  
  62  6:43  Terran Vehicle And Ship Armor Level 1  
  62  6:47  Thor, SCV x2  
  70  6:55  Missile Turret  
  70  6:59  SCV  
  71  7:11  SCV  
  71  7:14  Command Center  
  72  7:16  Command Center  
  72  7:23  Factory  
  72  7:34  Thor  
  78  7:37  Terran Vehicle Weapons Level 2, Factory  
  78  7:44  Combat Shield  
  78  7:49  Terran Infantry Weapons Level 1  
  78  8:31  Refinery  
  78  8:37  Orbital Command  
  78  8:44  Orbital Command  
  78  9:03  Stimpack  
  78  9:04  Command Center  
  78  9:05  Refinery  
  78  9:08  SCV  
  78  9:09  Missile Turret  
  79  9:10  Missile Turret  
  79  9:11  Refinery  
  79  9:12  Missile Turret  
  79  9:15  Missile Turret  
  79  9:18  Factory Tech Lab  
  79  9:20  SCV  
  79  9:22  Factory Tech Lab  
  80  9:32  SCV  
  81  9:43  Refinery  
  81  9:44  SCV  
  82  9:45  Refinery  
  82  9:48  Thor x3  
  99  9:56  SCV  
  100  10:01  Terran Vehicle Weapons Level 3  
  100  10:04  Terran Vehicle And Ship Armor Level 2  
  100  10:08  SCV  
  100  10:09  Marine  
  102  10:20  SCV  
  103  10:27  Marine  
  104  10:31  Thor x2  
  116  10:45  Marine  
  116  11:03  Marine  
  81  11:21  Marine  
  60  11:46  Thor  
  60  11:47  Thor x2  
  74  12:00  Planetary Fortress  
  72  12:03  Planetary Fortress  
  72  12:07  SCV  
  72  12:19  SCV  
  73  12:24  Missile Turret x4  
  73  12:25  Missile Turret  
  73  12:29  Thor x2  
  79  12:31  SCV  
  85  12:43  SCV  
  81  12:55  SCV  
  76  13:20  Thor x3  
  94  13:28  Terran Vehicle And Ship Armor Level 3  
  94  13:40  SCV  
  95  13:45  SCV  
  96  13:50  SCV  
  96  13:52  SCV  
  98  13:57  SCV  
  98  14:02  SCV  
  100  14:03  Thor  
  100  14:04  SCV  
  100  14:09  SCV  
  108  14:14  SCV  
  108  14:16  Thor x2, SCV  
  122  14:21  SCV  
  123  14:26  SCV  
  123  14:29  SCV  
  125  14:34  SCV  
  125  14:36  SCV  
  127  14:38  SCV  
  127  14:41  SCV  
  127  14:44  Supply Depot  
  129  14:46  Thor  
  129  14:47  Supply Depot  
  129  14:48  Supply Depot, SCV  
  129  14:50  Marine, Supply Depot  
  135  14:53  SCV, Supply Depot  
  136  15:00  SCV  
  136  15:01  Missile Turret x2  
  136  15:02  Missile Turret x2  
  136  15:03  Missile Turret  
  136  15:05  SCV  
  138  15:07  Marine  
  138  15:12  SCV  
  140  15:17  SCV  
  140  15:21  Missile Turret x2  
  141  15:22  Missile Turret  
  141  15:24  SCV  
  141  15:25  Missile Turret x2, Marine  
  143  15:29  SCV  
  126  15:41  SCV  
  97  15:43  Missile Turret, Marine  
  97  15:44  Missile Turret x2  
  97  15:45  Missile Turret  
  86  15:50  Missile Turret  
  86  15:52  Thor x3  
  86  15:53  SCV  
  105  16:00  SCV  
  105  16:01  Marine  
  105  16:04  Refinery  
  107  16:05  SCV  
  107  16:07  Refinery  
  107  16:10  Missile Turret  
  108  16:12  Missile Turret, SCV  
  108  16:15  Missile Turret  
  108  16:17  Missile Turret, SCV  
  110  16:19  Marine  
  110  16:24  SCV  
  112  16:30  SCV  
  113  16:33  Missile Turret  
  113  16:35  Thor x3  
  113  16:36  SCV  
  113  16:37  Marine  
  133  16:42  SCV  
  133  16:43  Command Center  
  133  16:46  Refinery  
  134  16:48  SCV  
  134  16:54  SCV, Marine  
  128  17:12  Refinery  
  118  17:17  Thor  
  118  17:18  Thor x2  
  100  17:37  Missile Turret  
  86  17:57  Missile Turret x2  
  85  18:00  Thor x3  
  101  18:16  Missile Turret  
  101  18:17  Missile Turret  
  101  18:18  Missile Turret x2  
  101  18:19  Missile Turret x2  
  101  18:20  Missile Turret  
  101  18:21  Missile Turret  
  101  18:29  Terran Infantry Weapons Level 2  
  101  18:37  Marauder  
  101  18:40  Concussive Shells  
  103  18:43  Thor x3, Planetary Fortress  
  121  18:58  Marauder  
  123  19:12  Starport x2  
  123  19:20  Marauder  
  124  19:41  Marauder  
  122  20:02  Marauder  
  88  20:27  Thor x2  
  88  20:28  Thor  
  106  20:34  Starport Tech Lab  
  104  20:46  Terran Infantry Armor Level 1  
  96  20:57  Starport Reactor  
  96  21:10  Thor x2  
  96  21:11  Thor  
  114  21:13  SCV  
  115  21:24  Factory  
  115  21:25  Factory, SCV  
  116  21:37  SCV  
  117  21:49  SCV  
  117  21:53  Thor x3  
  128  22:01  SCV  
  126  22:10  Factory  
  126  22:13  SCV  
  107  22:25  SCV  
  102  22:36  Thor x3  
  120  22:38  SCV  
  120  22:42  Factory Tech Lab  
  121  22:45  Factory Tech Lab  
  121  22:55  Raven  
  123  23:04  Orbital Command  
  123  23:06  Factory Tech Lab  
  123  23:09  Thor x2  
  135  23:18  Thor  
  135  23:19  Thor x2  
  152  23:29  Raven  
  152  23:33  Missile Turret  
  154  23:35  Missile Turret  
  154  23:37  Missile Turret  
  153  23:53  Missile Turret  
  153  24:01  Thor x2  
  153  24:02  Thor  
  170  24:04  Raven  
  172  24:30  Thor x2  
Show
View Real Time Build Order
Export as new Build Order

SCIInewby Protoss 

Build Orders: 1 Gate Expand, Forge Fast Expand (FFE), Carriers 

Get SALT Encoding   

  12  0:00  Probe  
  13  0:12  Probe  
  14  0:17  Pylon  
  14  0:24  Probe  
  15  0:37  Probe  
  15  0:42  Gateway  
  16  0:57  Probe, Forge  
  16  1:12  Probe  
  16  1:17  Assimilator  
  17  1:24  Probe  
  18  1:37  Probe, Nexus  
  19  1:49  Pylon  
  19  1:50  Zealot  
  21  2:05  Cybernetics Core  
  21  2:07  Probe  
  22  2:12  Assimilator  
  22  2:19  Probe  
  23  2:31  Probe  
  24  2:39  Photon Cannon  
  24  2:44  Probe  
  25  2:49  Probe  
  25  2:50  Pylon  
  25  2:51  Warp Gate  
  26  2:52  Probe  
  26  2:57  Probe  
  27  3:00  Probe  
  27  3:04  Stalker  
  29  3:06  Probe  
  29  3:10  Probe  
  33  3:19  Assimilator, Probe  
  34  3:31  Pylon  
  34  3:37  Protoss Ground Weapons Level 1  
  34  3:39  Gateway  
  34  3:51  Probe x2  
  34  3:54  Pylon  
  36  4:03  Probe x2  
  38  4:12  Pylon  
  38  4:14  Gateway  
  38  4:15  Probe x2  
  40  4:23  Gateway  
  40  4:43  Photon Cannon  
  40  4:47  Twilight Council  
  40  4:51  Nexus  
  40  4:53  Probe x2  
  42  5:00  Assimilator  
  42  5:02  Assimilator  
  42  5:05  Probe x2  
  44  5:16  Photon Cannon, Charge  
  44  5:20  Stalker  
  46  5:25  Probe x2  
  48  5:28  Protoss Shields Level 1  
  48  5:29  Pylon  
  48  5:32  Pylon  
  48  5:37  Probe  
  48  5:41  Zealot  
  51  5:44  Zealot  
  51  5:48  Zealot  
  55  5:50  Probe  
  56  6:00  Dark Shrine  
  56  6:07  Stargate  
  56  6:08  Probe x3  
  59  6:20  Shield Battery  
  59  6:24  Zealot x3  
  65  6:31  Probe x2  
  65  6:32  Probe  
  65  6:39  Probe x2  
  68  6:40  Probe  
  71  6:47  Probe x2  
  71  6:48  Probe  
  71  6:49  Zealot x2  
  71  6:50  Zealot  
  80  7:03  Fleet Beacon, Stalker  
  82  7:12  Stargate  
  82  7:14  Stargate  
  82  7:29  Stalker x3  
  88  7:30  Stalker  
  90  7:47  Carrier  
  90  7:50  Carrier  
  96  7:54  Carrier  
  96  7:58  Protoss Air Weapons Level 1  
  108  8:09  Pylon  
  108  8:12  Photon Cannon  
  108  8:29  Dark Templar x4  
  116  8:47  Pylon  
  116  8:49  Pylon  
  116  8:52  Pylon  
  116  9:07  Carrier x2  
  120  9:11  Dark Templar  
  120  9:12  Dark Templar x2  
  126  9:18  Archon  
  126  9:30  Carrier  
  132  9:48  Nexus  
  132  9:58  Pylon  
  132  10:01  Pylon  
  132  10:03  Assimilator  
  132  10:09  Assimilator  
  132  10:11  Carrier, Robotics Facility  
  138  10:16  Blink  
  138  10:25  Zealot  
  138  10:26  Zealot x3  
  146  10:48  Zealot  
  146  10:49  Zealot  
  150  10:50  Zealot  
  150  10:56  Carrier x2  
  120  11:12  Carrier  
  112  11:24  Stalker  
  118  11:28  Zealot  
  92  11:53  Carrier  
  88  11:54  Carrier  
  92  12:17  Gateway  
  92  12:19  Gateway  
  92  12:21  Gateway  
  92  12:24  Gateway  
  92  12:56  Immortal  
  92  13:00  Zealot  
  92  13:01  Zealot x3  
  98  13:15  Dark Templar  
  100  13:22  Dark Templar x3  
  106  13:35  Immortal  
  106  13:39  Robotics Facility  
  106  13:40  Robotics Facility  
  110  13:44  Dark Templar x2  
  114  13:57  Phoenix x2  
  114  14:00  Dark Templar  
  120  14:14  Immortal  
  124  14:26  Zealot x3  
  124  14:31  Probe x3  
  133  14:44  Immortal  
  132  14:50  Nexus  
  132  14:51  Immortal  
  132  14:52  Immortal  
  132  14:57  Zealot  
  132  14:59  Protoss Ground Weapons Level 2  
  146  15:13  Zealot  
  146  15:14  Zealot  
  150  15:23  Immortal  
  152  15:31  Immortal  
  108  15:54  Carrier x2  
  118  16:03  Zealot  
  120  16:05  Zealot  
  120  16:06  Zealot x2  
  126  16:21  Zealot x2  
  126  16:22  Zealot x2  
  134  16:33  Dark Templar x3  
  88  17:30  Zealot x2  
  88  17:31  Zealot  
  88  17:32  Zealot x4  
  88  17:33  Zealot  
  104  17:41  Carrier  
  104  17:42  Carrier x2  
  92  18:16  Dark Templar x2  
  92  18:17  Dark Templar x4  
  92  18:19  Zealot x2  
  104  18:25  Pylon, Immortal  
  107  18:47  Nexus  
  107  18:51  Pylon  
  107  18:55  Pylon  
  107  18:58  Pylon  
  107  19:05  Zealot  
  107  19:06  Zealot x2  
  107  19:07  Zealot x2  
  117  19:20  Immortal  
  117  19:23  Immortal  
  119  19:51  Zealot x3  
  119  19:52  Zealot x3  
  108  20:02  Dark Templar  
  108  20:03  Dark Templar  
  80  20:21  Dark Templar x2  
  80  20:22  Dark Templar x3  
  80  20:25  Immortal  
  80  20:27  Immortal  
  78  20:54  Zealot x3  
  78  20:55  Zealot x5  
  94  21:06  Carrier  
  100  21:15  Zealot x2  
  100  21:16  Zealot  
  106  21:20  Zealot  
  104  21:47  Zealot x2  
  104  21:48  Zealot x6  
  120  21:54  Immortal  
  120  21:58  Protoss Shields Level 2  
  124  22:07  Archon  
  72  22:27  Zealot x5  
  72  22:28  Zealot x3  
  84  22:34  Immortal  
  88  22:42  Observer  
  89  22:49  Nexus  
  89  22:56  Assimilator  
  89  22:58  Assimilator, Zealot  
  91  22:59  Assimilator  
  91  23:07  Zealot x2  
  91  23:09  Zealot  
  97  23:27  Probe  
  97  23:28  Probe x4  
  102  24:07  Immortal x2  
  102  24:17  Immortal  
  108  24:25  Probe x2  
  108  24:26  Probe x3  
  113  24:34  Zealot x2  
  113  24:35  Zealot  
  119  24:46  Immortal  
  119  24:47  Immortal  
  131  24:54  Zealot  
  131  24:55  Zealot x2  
  76  25:16  Dark Templar  
  76  25:17  Dark Templar  
  76  25:18  Dark Templar  
  76  25:20  Dark Templar  
Tags
 
Add a new tag
Caveats
  • Supply blocks, unpowered buildings, or Contaminate may cause inaccurate times.
  • Supply counts are checked every 10 seconds.